 Dungeon Crawl Stone Soup version 0.31-a0-1278-g11c5b68f87 (webtiles) character file.

Game seed: 13061628656091873577

56887 quinnr the Devastator (level 14, -2/86 HPs)
             Began as a Tengu Air Elementalist on Dec 17, 2023.
             Was an Elder of Vehumet.
             Slain by a freezing wraith (10 damage)
             ... led by a death knight
             ... on level 12 of the Dungeon.
             The game lasted 00:50:23 (33140 turns).

quinnr the Devastator (Tengu Air Elementalist)     Turns: 33140, Time: 00:50:24

Health: -2/86      AC:  5    Str:  9    XL:     14   Next: 83%
Magic:  28/28      EV: 20    Int: 20    God:    Vehumet [****..]
Gold:   1534       SH:  0    Dex: 15    Spells: 15/31 levels left

rFire   . . .        B - +0 dagger (drain)
rCold   + . .        (no shield)
rNeg    . . .        a - +0 robe
rPois   +            (helmet restricted)
rElec   .            (no cloak)
rCorr   .            p - +2 pair of gloves
SInv    .            (boots unavailable)
Will    +....        (no amulet)
Stlth   ++           U - ring of Hucousi {rPois Will+}
HPRegen 0.34/turn    C - ring of protection from cold
MPRegen 0.21/turn

%: acrobat
@: about to teleport, weak-willed, flying, slowed, very slow
A: beak, talons 3, evasive flight, acrobatic
a: Renounce Religion


You were on level 12 of the Dungeon.
You worshipped Vehumet.
Vehumet was greatly pleased with you.
You visited 3 branches of the dungeon, and saw 20 of its levels.

You collected 1534 gold pieces.


Innate Abilities, Weirdness & Mutations

You have a beak for a mouth.
You have claws for feet.
Your magical flight helps you evade attacks. (EV +4)
You can magically evade attacks while moving or waiting.


   Skills:
 - Level 9.0 Fighting
 - Level 3.0 Short Blades
 - Level 9.0 Dodging
 - Level 3.0 Stealth
 - Level 9.0 Spellcasting
 - Level 20.0 Conjurations
 + Level 0.6 Summonings
 * Level 14.9 Air Magic
 - Level 4.0 Poison Magic
 - Level 6.0 Evocations


You had 15 spell levels left.
You knew the following spells:

 Your Spells              Type           Power      Damage    Failure   Level
a - Airstrike             Air            31%        2d(5-21)  1%          4
p - Poisonous Vapours     Pois/Air       92%        N/A       1%          2
s - Spellforged Servitor  Conj/Summ      25%        N/A       24%         7
t - Static Discharge      Conj/Air       100%       3-8/arc   0%          2
z - Shock                 Conj/Air       100%       1d9       0%          1

Your spell library contained the following spells:

 Spells                   Type           Power      Damage    Failure   Level
 Hailstorm                Conj/Ice       49%        3d10      1%          3
 Swiftness                Air            62%        N/A       1%          3
 Fulminant Prism          Conj/Hex       24%        3d12      1%          4
 Iskenderun's Mystic Bla  Conj/Tloc      49%        2d11      1%          4
 Freeze                   Ice            36%        1d5       2%          1
 Sting                    Tmut/Pois      68%        1d6       3%          1
 Summon Small Mammal      Summ           44%        N/A       6%          1
 Frozen Ramparts          Ice            18%        1d3       6%          3
 Volatile Blastmotes      Fire/Tloc      18%        2d11      6%          3
 Apportation              Tloc           18%        N/A       8%          1
 Necrotise                Necr           36%        1d5       8%          1
 Silence                  Hex/Air        19%        N/A       10%         5
 Call Canine Familiar     Summ           11%        N/A       17%         3
 Summon Guardian Golem    Hex/Summ       10%        N/A       21%         3
 Gell's Gravitas          Tloc           9%         N/A       22%         3
 Teleport Other           Tloc           9%         N/A       22%         3
 Summon Ice Beast         Ice/Summ       10%        N/A       54%         4
 Anguish                  Hex/Necr       4%         N/A       58%         4
 Cause Fear               Hex            4%         N/A       58%         4
 Passage of Golubria      Tloc           9%         N/A       58%         4
 Lehudib's Crystal Spear  Conj/Erth      24%        10d7      87%         8
 Dispersal                Tloc           4%         N/A       100%        6
 Simulacrum               Ice/Necr       4%         N/A       100%        6
 Enfeeble                 Hex            4%         N/A       100%        7

Inventory:

Hand Weapons
 B - a +0 dagger of draining (weapon)
Missiles
 x - 9 atropa-tipped darts
 T - 6 javelins
Armour
 a - a +0 robe (worn)
 d - an orb of wrath
 i - a +0 pair of gloves
 p - a +2 pair of gloves (worn)
Magical Staves
 K - a staff of fire {!a}
 R - a staff of cold {!a}
 V - a staff of death {!a}
Jewellery
 v - a ring of see invisible
 z - an amulet of guardian spirit
 C - a ring of protection from cold (right hand)
 N - a ring of positive energy
 U - the ring of Hucousi (left hand) {rPois Will+}
   (You found it on level 11 of the Dungeon)

   [ring of willpower]

   rPois:     It protects you from poison Will+: It increases your willpower.
 W - a ring of willpower
 Z - a ring of wizardry
Wands
 e - a wand of polymorph (5)
 u - a wand of charming (11)
 w - a wand of roots (16)
 y - a wand of mindburst (1)
 D - a wand of flame (43)
 H - a wand of acid (4)
 Y - a wand of digging (8)
Scrolls
 g - 3 scrolls of enchant weapon
 k - 6 scrolls of enchant armour
 l - 4 scrolls of revelation
 m - 4 scrolls of butterflies {unknown}
 r - 3 scrolls of immolation
 s - 3 scrolls of acquirement {unknown}
 t - 7 scrolls of teleportation {@r2}
 A - 3 scrolls of fear (quivered)
 G - 3 scrolls of vulnerability
 O - 3 scrolls of fog
 P - 2 scrolls of amnesia
 X - a scroll of identify {@r1}
Potions
 b - 2 potions of magic
 c - 4 potions of heal wounds {unknown}
 f - 7 potions of lignification
 h - 9 potions of curing {@q1}
 j - 2 potions of berserk rage {unknown}
 o - 3 potions of brilliance {unknown}
 q - 4 potions of mutation
 E - 2 potions of cancellation {unknown}
 F - 3 potions of enlightenment {unknown}
 I - 5 potions of might {unknown}
 J - a potion of haste {@q3}
 L - 2 potions of ambrosia
 M - a potion of attraction
 S - 2 potions of invisibility
Miscellaneous
 Q - a sack of spiders (inert)

Dungeon Overview and Level Annotations

Branches:
Dungeon (14/15)            Temple (1/1) D:6            Lair (5/5) D:10
 Shoals (0/4) Lair:2       Spider (0/4) Lair:2        Slime (0/5) Lair:5
    Orc (0/2) D:10         Vaults (0/5) D:13

Altars:
Ashenzari
Cheibriados
Dithmenos
Elyvilon
Fedhas
Gozag
Hepliaklqana
Kikubaaqudgha
Makhleb
Nemelex Xobeh
Okawaru
Qazlal
Ru
Sif Muna
Trog
Uskayaw
Vehumet
Wu Jian
Xom
Yredelemnul
Zin
The Shining One

Annotations:
D:4 3 runed translucent doors, PowderKeg's ghost, amateur DEVM
D:10 exclusion: downstairs
D:12 Frances
D:13 exclusion: 2 downstairs

##############.########
#.# #.# ######## #.#
.......# #.# .#####.#
##############.# .###
#.# #...........##.#
...# #.#
#.####.#W##.##.#######
.#.# #.# #.#
#..@W............# .#.#
#.# #.#
#..#.##.#...####.#
.#^###.# #.#
#..#.##......# #.###
...^...#
#.###..#.##)#...##
#.... ##.#####
#...........##.## #####
##.# #####)########.#
...# #.# #.# # ####
####.# ##'## ##
#####....# ##...## #.


You could see a phantasmal warrior and a freezing wraith.


Message History

Level annotation: exclusion: 2 downstairs The freezing wraith misses you.
The freezing wraith hits you! The freezing wraith drains your vigour!
You feel yourself slow down. The phantasmal warrior hits you!!
There is a stone staircase leading up, spattered with blood here.
Unknown command.
The freezing wraith hits you.
* * * LOW HITPOINT WARNING * * *
The freezing wraith freezes you! You resist.
* * * LOW HITPOINT WARNING * * *
The freezing wraith barely misses you. The phantasmal warrior hits you.
* * * LOW HITPOINT WARNING * * *
You fly upwards.
Level annotation: Frances
There is a stone staircase leading down here.
Unknown command.
Unknown command.
Unknown command.
Okay, then.
Unknown command.
As you read the scroll of teleportation {@r2}, it crumbles to dust.
You feel strangely unstable.
The freezing wraith completely misses you.
The freezing wraith barely misses you. The phantasmal warrior hits you!!
* * * LOW HITPOINT WARNING * * *
Your willpower is stripped away!
The freezing wraith hits you.
* * * LOW HITPOINT WARNING * * *
The freezing wraith freezes you! You resist.
You die...

Skill      XL: |  1  2  3  4  5  6  7  8  9 10 11 12 13 14 |
---------------+-------------------------------------------+-----
Conjurations   | 2 3 5 6 7 8 9 10 11 15 16 20 | 20.0
Air Magic      | 5 6 9 10 11 14 | 14.9
Fighting       | 2 3 5 6 9 |  9.0
Dodging        | 3 6 8 9 |  9.0
Stealth        | 3 |  3.0
Spellcasting   | 4 5 6 7 9 |  9.0
Evocations     | 1 3 6 |  6.0
Short Blades   | 3 |  3.0
Poison Magic   | 1 4 |  4.0
Summonings     | |  0.6

Action                     |  1- 3 |  4- 6 |  7- 9 | 10-12 | 13-15 || total
---------------------------+-------+-------+-------+-------+-------++-------
  Melee: Unarmed           |       |     2 |       |       |       ||     2
         Kick              |       |     1 |       |    16 |    25 ||    42
         Dagger            |       |       |       |    49 |    53 ||   102
         Peck              |       |       |       |    12 |    14 ||    26
         Punch             |       |       |       |     1 |       ||     1
   Cast: Shock             |    66 |   136 |   169 |   141 |    23 ||   535
         Static Discharge  |       |     4 |    19 |    60 |    69 ||   152
         Airstrike         |       |       |    29 |   173 |   313 ||   515
         Poisonous Vapours |       |       |       |    82 |   101 ||   183
  Evoke: Wand              |       |       |     1 |     9 |    10 ||    20
         Sack of spiders   |       |       |       |       |     2 ||     2
    Use: Scroll            |     1 |       |     7 |     8 |     8 ||    24
 Armour: Robe              |     7 |    24 |    48 |   180 |   239 ||   498
  Dodge: Dodged            |    16 |    27 |    58 |   197 |   262 ||   560

Levels and vault maps discovered:
D:1:      ncdulo_watergridlock, layout_basic, chequers_ecumenical_altar_twisty
D:2:      layout_loops_corners
D:3:      cheibrodos_greedy_goblins, layout_basic,
          nicolae_overflow_hidden_temple
D:4:      minmay_chambers_of_fours, layout_rooms, led_sif_book, serial_glass,
          glass_columns_b, glass_columns_c, gammafunk_ghost_necromancy
D:5:      cheibrodos_two_vegetables, layout_rooms, serial_bayou_lagoon_a,
          serial_bayou_pond_e, uniq_eustachio
D:6:      layout_cave_pools, trog_wizard, minmay_temple_entry_hall
D:7:      layout_loops_ring, hangedman_decor_opposing, uniq_joseph
D:8:      layout_layer_cave
D:9:      layout_gridville, nicolae_qazlal_style_of_elements,
          old_standard_altar, mainiacjoe_overflow_large_starburst
D:10:     layout_long_grid, minmay_lair_entry_grove, david_orc_5, worms_lemuel
D:11:     layout_loops_ring, uniq_grum, uniq_josephine
D:12:     layout_loops_corners, uniq_frances, uniq_nergalle
D:13:     layout_roguey, hellmonk_vaults_attempted_burglary, uniq_lodul
D:14:     minmay_tearing_corner, layout_rooms, minmay_fountain_box,
          ebering_ghost_inner_flame, tgw_trog
Temple:   hellmonk_temple_divided_pantheon
Lair:1:   layout_concentric_octagons
Lair:2:   layout_cave_shapes, elwin_shoals_entry_rooms, dummy_spider_entry,
          lemuel_fruit_fields
Lair:3:   layout_cave_pods, grunt_megastairs_3
Lair:4:   beast_lair_carwin_large_1, layout_long_grid
Lair:5:   minmay_lair_end_frog_pond, layout_cellular_growth,
          nicolae_slime_entry_field_trip

Notes
Turn   | Place    | Note
-------+----------+-------------------------------------------
     0 | D:1      | quinnr the Tengu Air Elementalist began the quest for the
                  | Orb.
     0 | D:1      | Reached XP level 1. HP: 10/10 MP: 4/4
   123 | D:1      | Found a faded altar of an unknown god.
   155 | D:1      | Reached skill level 2 in Conjurations
   255 | D:1      | Reached XP level 2. HP: 15/15 MP: 3/6
   389 | D:1      | Reached skill level 3 in Conjurations
   796 | D:1      | Reached XP level 3. HP: 19/19 MP: 3/7
   873 | D:1      | Reached skill level 4 in Conjurations
  1366 | D:2      | Reached skill level 5 in Conjurations
  1366 | D:2      | Reached XP level 4. HP: 17/24 MP: 3/8
  1524 | D:2      | Learned a level 2 spell: Static Discharge
  2811 | D:3      | Reached skill level 6 in Conjurations
  2841 | D:3      | Reached XP level 5. HP: 28/28 MP: 4/9
  2914 | D:3      | Found a snail-covered altar of Cheibriados.
  3371 | D:3      | Found a hazy altar of Hepliaklqana.
  3522 | D:3      | Found an ornate altar of the Wu Jian Council.
  3854 | D:3      | Reached skill level 7 in Conjurations
  4064 | D:4      | Learned a level 4 spell: Airstrike
  4075 | D:4      | Reached XP level 6. HP: 32/32 MP: 4/10
  4168 | D:4      | Reached skill level 8 in Conjurations
  4235 | D:4      | Found a runed translucent gate.
  4236 | D:4      | Found a runed translucent gate.
  4265 | D:4      | Found a runed translucent gate.
  4288 | D:4      | Noticed a black bear
  4304 | D:4      | Killed a black bear
  4305 | D:4      | Reached skill level 5 in Air Magic
  4531 | D:4      | Gained mutation: Your magical flight helps you evade
                  | attacks. (EV +4) [Tengu growth]
  4531 | D:4      | Reached XP level 7. HP: 37/37 MP: 9/11
  4556 | D:4      | Noticed a two-headed ogre
  4688 | D:4      | Killed a two-headed ogre
  4689 | D:4      | Reached skill level 2 in Fighting
  4689 | D:4      | Reached skill level 3 in Dodging
  4689 | D:4      | Reached skill level 3 in Stealth
  4689 | D:4      | Reached skill level 3 in Spellcasting
  4689 | D:4      | Reached skill level 6 in Air Magic
  4689 | D:4      | Reached skill level 4 in Spellcasting
  4689 | D:4      | Reached skill level 9 in Conjurations
  4689 | D:4      | Reached XP level 8. HP: 14/44 MP: 4/15
  4949 | D:4      | Found a shimmering blue altar of Sif Muna.
  4978 | D:4      | Got Sif Muna's Encyclopedia of Evolution
  5226 | D:4      | Noticed PowderKeg's ghost (amateur DEVM)
  5269 | D:5      | Entered Level 5 of the Dungeon
  5296 | D:5      | Noticed Eustachio
  5325 | D:5      | Killed Eustachio
  5326 | D:5      | Reached skill level 3 in Fighting
  5326 | D:5      | Reached skill level 7 in Air Magic
  5684 | D:5      | Reached skill level 8 in Air Magic
  5793 | D:5      | Reached skill level 9 in Air Magic
  5954 | D:5      | Reached skill level 1 in Evocations
  5954 | D:5      | Reached XP level 9. HP: 51/51 MP: 3/16
  6116 | D:5      | Reached skill level 2 in Evocations
  6312 | D:5      | Reached skill level 4 in Fighting
  6321 | D:5      | Reached skill level 3 in Evocations
  7049 | D:6      | Reached skill level 5 in Spellcasting
  7358 | D:6      | Found a bloodstained altar of Trog.
  7359 | D:6      | Noticed an arcanist
  7364 | D:6      | Killed an arcanist
  7525 | D:6      | Found a staircase to the Ecumenical Temple.
  7616 | Temple   | Found a transporter.
  7616 | Temple   | Found a transporter.
  7616 | Temple   | Found a transporter.
  7616 | Temple   | Found a transporter.
  7616 | Temple   | Entered the Ecumenical Temple
  7629 | Temple   | Became a worshipper of Vehumet
  7919 | D:7      | Reached skill level 5 in Fighting
  8775 | D:7      | Reached skill level 10 in Conjurations
  8775 | D:7      | Reached skill level 10 in Air Magic
  9059 | D:7      | Noticed Joseph
  9066 | D:7      | Killed Joseph
  9067 | D:7      | Reached XP level 10. HP: 46/59 MP: 1/18
  9656 | D:8      | Reached skill level 11 in Conjurations
  9656 | D:8      | Reached skill level 11 in Air Magic
  9657 | D:8      | Reached skill level 1 in Short Blades
  9662 | D:8      | Reached skill level 2 in Short Blades
  9802 | D:8      | Reached skill level 4 in Dodging
  9810 | D:8      | Reached * piety under Vehumet
  9810 | D:8      | Offered knowledge of Foxfire by Vehumet.
 10115 | D:8      | Reached skill level 3 in Short Blades
 10989 | D:8      | Reached skill level 5 in Dodging
 11302 | D:9      | Noticed a two-headed ogre
 11306 | D:9      | Killed a two-headed ogre
 11307 | D:9      | Reached skill level 6 in Dodging
 11475 | D:9      | Found a stormy altar of Qazlal.
 11495 | D:9      | Noticed a two-headed ogre
 11511 | D:9      | Reached skill level 6 in Spellcasting
 11511 | D:9      | Killed a two-headed ogre
 11512 | D:9      | Reached skill level 6 in Fighting
 11806 | D:9      | Reached XP level 11. HP: 64/64 MP: 3/21
 12101 | D:9      | Reached skill level 12 in Conjurations
 12218 | D:9      | Found a glowing silver altar of Zin.
 12218 | D:9      | Noticed a two-headed ogre
 12221 | D:9      | Killed a two-headed ogre
 12285 | D:9      | Offered knowledge of Poisonous Vapours by Vehumet.
 12292 | D:9      | Learned a level 2 spell: Poisonous Vapours
 12424 | D:9      | Found a broken altar of Ashenzari.
 12440 | D:9      | Reached ** piety under Vehumet
 12570 | D:9      | Found a shimmering altar of Xom.
 12657 | D:10     | Entered Level 10 of the Dungeon
 12662 | D:10     | Reached skill level 13 in Conjurations
 13421 | D:10     | Reached skill level 14 in Conjurations
 13549 | D:10     | Found a staircase to the Lair.
 13691 | D:10     | Noticed a two-headed ogre
 13707 | D:10     | Killed a two-headed ogre
 13963 | D:10     | Offered knowledge of Volatile Blastmotes by Vehumet.
 14081 | D:10     | Reached skill level 15 in Conjurations
 14207 | D:10     | Noticed a demonic crawler
 14221 | D:10     | Killed a demonic crawler
 14222 | D:10     | Reached skill level 4 in Evocations
 14431 | D:10     | Found a staircase to the Orcish Mines.
 14906 | D:11     | Noticed Grum
 14912 | D:10     | Upgraded the game from 0.31-a0-1267-gfedaa18580 to
                  | 0.31-a0-1278-g11c5b68f87
 15009 | D:11     | Reached skill level 5 in Evocations
 15061 | D:10     | Reached *** piety under Vehumet
 15170 | D:11     | Noticed Josephine
 15315 | Lair:1   | Entered Level 1 of the Lair of Beasts
 15475 | Lair:1   | Reached skill level 6 in Evocations
 15782 | Lair:1   | Reached skill level 1 in Poison Magic
 15782 | Lair:1   | Reached XP level 12. HP: 71/71 MP: 12/22
 15872 | Lair:1   | Reached skill level 2 in Poison Magic
 16101 | Lair:1   | Reached skill level 7 in Fighting
 16147 | Lair:1   | Reached skill level 3 in Poison Magic
 16694 | Lair:1   | Offered knowledge of Inner Flame by Vehumet.
 16754 | Lair:1   | Reached skill level 4 in Poison Magic
 16758 | Lair:1   | Reached skill level 8 in Fighting
 17392 | Lair:1   | HP: 5/75 [yak (9)]
 17860 | Lair:2   | Noticed a skyshark
 17864 | Lair:2   | Killed a skyshark
 17935 | Lair:2   | Found a hole to the Spider Nest.
 17999 | Lair:2   | Found a staircase to the Shoals.
 18242 | Lair:2   | Reached **** piety under Vehumet
 18757 | Lair:3   | Noticed an eight-headed hydra
 18758 | Lair:3   | Reached skill level 9 in Fighting
 18762 | Lair:3   | Killed an eight-headed hydra
 18762 | Lair:3   | Offered knowledge of Arcjolt by Vehumet.
 18763 | Lair:3   | Reached skill level 7 in Dodging
 19190 | Lair:3   | Reached skill level 16 in Conjurations
 19383 | Lair:3   | Reached skill level 8 in Dodging
 19742 | Lair:3   | Reached XP level 13. HP: 80/80 MP: 13/23
 20254 | Lair:3   | Identified the +6 scale mail of Greed {Regen+}
 20273 | Lair:3   | Reached skill level 9 in Dodging
 20515 | Lair:3   | Reached skill level 17 in Conjurations
 22586 | Lair:4   | Reached skill level 18 in Conjurations
 22967 | Lair:4   | Reached ***** piety under Vehumet
 23153 | Lair:3   | Offered knowledge of Spellforged Servitor by Vehumet.
 23907 | Lair:5   | Entered Level 5 of the Lair of Beasts
 23914 | Lair:5   | Reached skill level 19 in Conjurations
 24792 | Lair:5   | Reached skill level 20 in Conjurations
 25470 | Lair:5   | Reached skill level 7 in Spellcasting
 25470 | Lair:5   | Reached XP level 14. HP: 77/86 MP: 0/25
 26077 | Lair:5   | Found a staircase to the Slime Pits.
 26406 | Lair:5   | Reached skill level 8 in Spellcasting
 27494 | D:10     | Killed Josephine
 27679 | D:11     | Reached skill level 12 in Air Magic
 27864 | D:11     | Killed Grum
 28328 | D:11     | Identified the ring of Hucousi {rPois Will+}
 29700 | D:12     | Reached skill level 13 in Air Magic
 29867 | D:12     | Noticed Nergalle
 29877 | D:12     | Killed Nergalle
 29969 | D:12     | Noticed Frances
 30859 | D:12     | Reached skill level 9 in Spellcasting
 31435 | D:13     | Noticed Lodul
 31443 | D:13     | Killed Lodul
 31688 | D:13     | Found a gate to the Vaults.
 31689 | D:13     | Noticed a stone giant
 31703 | D:13     | Killed a stone giant
 31704 | D:13     | Reached skill level 14 in Air Magic
 32853 | D:13     | Learned a level 7 spell: Spellforged Servitor
 33140 | D:12     | HP: 8/86 [freezing wraith[a death knight] (4)]
 33140 | D:12     | Slain by a freezing wraith

Vanquished Creatures
  A stone giant (D:13)
  Josephine (D:10)
  6 hydras
  A centaur warrior (D:13)
  A catoblepas (D:13)
  6 two-headed ogres
  3 boulder beetles
  5 death yaks
  A demonic crawler (D:10)
  A tengu warrior (D:11)
  Nergalle (D:12)
  Lodul (D:13)
  A skyshark (Lair:2)
  A goliath frog (Lair:5)
  A phantasmal warrior (D:13)
  A deep elf pyromancer (D:12)
  2 ugly things
  2 manticores (D:12)
  3 elephants
  3 black mambas
  Joseph (D:7)
  A torpor snail (Lair:4)
  4 gargoyles
  19 cane toads
  A freezing wraith (D:14)
  An unseen horror (D:12)
  4 komodo dragons
  A merfolk (Lair:2)
  5 polar bears
  2 trolls (D:12)
  3 tyrant leeches (Lair:5)
  5 dream sheep
  29 blink frogs
  A vampire (D:9)
  3 wraiths
  4 wyverns
  A shadow (D:10)
  35 yaks
  Grum (D:11)
  3 basilisks
  Eustachio (D:5)
  5 vampire mosquitoes (Lair:5)
  A warg (shapeshifter) (D:13)
  2 steam dragons
  2 swamp worms (D:10)
  13 water moccasins
  2 acid dragons
  5 orc warriors
  20 wolves
  6 black bears
  8 ogres
  5 centaurs (D:13)
  A phantom (D:5)
  A kobold brigand (D:5)
  A gnoll sergeant (D:9)
  13 bullfrogs
  5 scorpions
  10 wights
  14 killer bees
  8 howler monkeys
  7 electric eels
  A hound (D:5)
  5 jellies
  2 gnoll boudas
  5 orc priests
  3 iguanas
  6 orc wizards
  A sleepcap (D:7)
  14 gnolls
  9 adders
  2 white imps
  2 ufetubi (D:6)
  A worm (D:4)
  3 dart slugs
  51 orcs
  10 endoplasms
  9 giant cockroaches
  12 goblins
  11 hobgoblins
  4 quokkas
  11 ball pythons
  11 bats
  3 frilled lizards
  11 kobolds
  3 rats (D:2)
  2 butterflies
488 creatures vanquished.

Vanquished Creatures (collateral kills)
  2 vampire mosquitoes (D:13)
2 creatures vanquished.

Vanquished Creatures (others)
  An arcanist (D:6)
  2 orc wizards (D:4)
3 creatures vanquished.

Grand Total: 493 creatures vanquished

Table legend: (Time is in decaauts)
 A = Elapsed time spent in this place.
 B = Non-inter-level travel time spent in this place.
 C = Inter-level travel time spent in this place.
 D = Time resting spent in this place.
 E = Time spent auto-exploring this place.
 F = Levels seen in this place.
 G = Mean time per level.
                   A        B        C        D        E       F      G
               +--------+--------+--------+--------+--------+-----+--------+
         Total |  33192 |  31877 |   1315 |   6669 |  21125 |  20 | 1659.6 |
       Dungeon |  21132 |  20267 |    865 |   3873 |  13833 |  14 | 1509.4 |
        Temple |     37 |     37 |      0 |      0 |      0 |   1 |   37.0 |
          Lair |  12022 |  11573 |    449 |   2796 |   7292 |   5 | 2404.4 |
               +--------+--------+--------+--------+--------+-----+--------+

Top non-repeatable levels by time:
  Lair:4: 3026 daAuts
    D:10: 2909 daAuts
    D:12: 2595 daAuts
  Lair:5: 2584 daAuts
  Lair:3: 2483 daAuts
  Lair:1: 2335 daAuts
     D:8: 1894 daAuts
     D:7: 1743 daAuts
  Lair:2: 1592 daAuts
     D:5: 1508 daAuts
    D:13: 1506 daAuts
     D:1: 1494 daAuts
     D:9: 1427 daAuts
     D:2: 1299 daAuts
    D:11: 1269 daAuts

Table legend:
 A = Non-vault XP
 B = Vault XP
 C = Vault XP percentage of total XP
 D = Non-vault monster count
 E = Vault monster count
 F = Vault count percentage of total count
                 A         B        C        D         E       F
            +---------+---------+-------+---------+---------+-------
      Total |   55679 |   25589 |  31.5 |     358 |     131 |  26.8
            +---------+---------+-------+---------+---------+-------
        D:1 |      61 |       0 |   0.0 |      29 |       0 |   0.0
        D:2 |      89 |       0 |   0.0 |      25 |       0 |   0.0
        D:3 |      90 |      16 |  15.1 |      23 |      10 |  30.3
        D:4 |     484 |     867 |  64.2 |      18 |       7 |  28.0
        D:5 |     261 |     857 |  76.7 |       5 |      10 |  66.7
        D:6 |     662 |       0 |   0.0 |      21 |       0 |   0.0
        D:7 |     915 |     445 |  32.7 |      24 |       1 |   4.0
        D:8 |    2031 |       0 |   0.0 |      19 |       0 |   0.0
        D:9 |    3914 |     133 |   3.3 |      28 |       1 |   3.4
       D:10 |    2152 |    4089 |  65.5 |      14 |      35 |  71.4
       D:11 |    3437 |     964 |  21.9 |       9 |       6 |  40.0
       D:12 |    7079 |     773 |   9.8 |      20 |       1 |   4.8
       D:13 |    4376 |    2519 |  36.5 |      14 |       8 |  36.4
       D:14 |     377 |       0 |   0.0 |       1 |       0 |   0.0
     Lair:1 |    6945 |       0 |   0.0 |      30 |       0 |   0.0
     Lair:2 |    4305 |     558 |  11.5 |      17 |       2 |  10.5
     Lair:3 |    7244 |    2762 |  27.6 |      19 |      10 |  34.5
     Lair:4 |    5740 |    2209 |  27.8 |      24 |       4 |  14.3
     Lair:5 |    5517 |    9397 |  63.0 |      18 |      36 |  66.7
            +---------+---------+-------+---------+---------+-------

Levels and vault maps discovered:
D:1:      ncdulo_watergridlock, layout_basic, chequers_ecumenical_altar_twisty
D:2:      layout_loops_corners
D:3:      cheibrodos_greedy_goblins, layout_basic,
          nicolae_overflow_hidden_temple
D:4:      minmay_chambers_of_fours, layout_rooms, led_sif_book, serial_glass,
          glass_columns_b, glass_columns_c, gammafunk_ghost_necromancy
D:5:      cheibrodos_two_vegetables, layout_rooms, serial_bayou_lagoon_a,
          serial_bayou_pond_e, uniq_eustachio
D:6:      layout_cave_pools, trog_wizard, minmay_temple_entry_hall
D:7:      layout_loops_ring, hangedman_decor_opposing, uniq_joseph
D:8:      layout_layer_cave
D:9:      layout_gridville, nicolae_qazlal_style_of_elements,
          old_standard_altar, mainiacjoe_overflow_large_starburst
D:10:     layout_long_grid, minmay_lair_entry_grove, david_orc_5, worms_lemuel
D:11:     layout_loops_ring, uniq_grum, uniq_josephine
D:12:     layout_loops_corners, uniq_frances, uniq_nergalle
D:13:     layout_roguey, hellmonk_vaults_attempted_burglary, uniq_lodul
D:14:     minmay_tearing_corner, layout_rooms, minmay_fountain_box,
          ebering_ghost_inner_flame, tgw_trog
Temple:   hellmonk_temple_divided_pantheon
Lair:1:   layout_concentric_octagons
Lair:2:   layout_cave_shapes, elwin_shoals_entry_rooms, dummy_spider_entry,
          lemuel_fruit_fields
Lair:3:   layout_cave_pods, grunt_megastairs_3
Lair:4:   beast_lair_carwin_large_1, layout_long_grid
Lair:5:   minmay_lair_end_frog_pond, layout_cellular_growth,
          nicolae_slime_entry_field_trip
